 Dungeon Crawl Stone Soup version 0.20.1-1-g8b1a95d (webtiles) character file.

607 troglodite the Skirmisher (level 7, 0/56 HPs)
             Began as a Demonspawn Berserker on Dec 12, 2017.
             Was a Believer of Trog.
             Slain by an orc wizard
             ... wielding a +1 dagger of distortion
              (19 damage)
             ... on level 4 of the Dungeon.
             The game lasted 00:08:43 (3432 turns).

troglodite the Skirmisher (Demonspawn Berserker)    Turns: 3432, Time: 00:08:44

Health: 0/56       AC:  8    Str: 18    XL:     7   Next: 19%
Magic:  7/7        EV: 14    Int:  8    God:    Trog [**....]
Gold:   235        SH:  0    Dex: 14    Spells: 6/6 levels left

rFire    . . .     SeeInvis .   a - +0 falchion
rCold    . . .     Gourm    .   (no shield)
rNeg     . . .     Faith    .   y - +0 scale mail
rPois    .         Spirit   .   h - +0 helmet
rElec    .         Reflect  .   (no cloak)
rCorr    .         Harm     .   (no gloves)
MR       +....                  (no boots)
Stlth    ..........             (no amulet)
Regen    0.2/turn               q - ring of protection from magic
MPRegen  0.1/turn               (no ring)

@: no status effects
A: talons 2, repulsion field 2
a: Berserk, Trog's Hand, Burn Spellbooks, Renounce Religion


You were on level 4 of the Dungeon.
You worshipped Trog.
Trog was pleased with you.
You were not hungry.

You visited 1 branch of the dungeon, and saw 4 of its levels.

You collected 235 gold pieces.

Inventory:

Hand Weapons
 a - a +0 falchion (weapon)
Armour
 h - a +0 helmet (worn)
 y - a +0 scale mail (worn)
Jewellery
 q - a ring of protection from magic (left hand)
Wands
 v - a wand of polymorph (10/24)
Scrolls
 e - a scroll of fog {unknown}
 f - a scroll of noise {unknown}
 i - 2 scrolls of identify {unknown}
 j - 2 scrolls of remove curse {unknown}
 k - 7 scrolls of teleportation
 n - a scroll of immolation {unknown}
 r - 2 scrolls of fear {unknown}
 w - a scroll of recharging {unknown}
Potions
 b - a potion of ambrosia {unknown}
 d - a potion of degeneration {unknown}
 g - a potion of cancellation {unknown}
 o - 3 potions of haste {unknown}
 p - a potion of heal wounds {unknown}
 s - a potion of invisibility {unknown}
 t - a potion of flight {unknown}
 u - a potion of curing {unknown}
 x - 2 potions of lignification {unknown}
 z - a potion of berserk rage {unknown}
Comestibles
 c - 2 bread rations
 l - 2 chunks of flesh
 m - 2 royal jellies


   Skills:
 * Level 5.0 Fighting
 + Level 4.9 Long Blades
 * Level 3.4 Armour
 * Level 3.4 Dodging
 + Level 0.6 Stealth


You had 6 spell levels left.
You didn't know any spells.

Dungeon Overview and Level Annotations

Branches:
Dungeon (4/15)
 Temple: D:4-7

Altars:
Ashenzari
Cheibriados
Gozag
Trog
Zin
The Shining One


Innate Abilities, Weirdness & Mutations

You have razor-sharp toenails.
You are surrounded by a moderate repulsion field. (EV +3)


Message History

The orc completely misses you.
You barely miss the orc.
The orc is moderately wounded.
The orc hits you but does no damage.
You slash the orc!
You kill the orc!
Trog accepts your kill.
You hear some strange, mumbled words.
A puff of flame appears from out of thin air!
The puff of flame hits you!
You hear some strange, mumbled words.
A magic dart appears from out of thin air!
The magic dart hits you!
You see here a club.
You closely miss something. Something hits you but does no damage.
Space warps horribly around you!
You barely miss something. Something hits you but does no damage.
You hit something. Something hits you but does no damage.
Space warps horribly around you!
You die...

##########################
................@{........
##.#################......
#... ..... #.### .... ...
... ... .. ..... . .....


There were no monsters in sight!

Vanquished Creatures
  Sigmund (D:2)
  The ghost of Frank the Shield-Bearer, an amateur OpFi (D:3)
  A big kobold (D:4)
  A scorpion (D:4)
  2 worker ants (D:4)
  4 gnolls (D:3)
  4 adders (D:2)
  An ooze (D:1)
  A worm (D:3)
  2 dart slugs (D:2)
  A leopard gecko (D:3)
  3 orcs
  4 bats
  4 giant cockroaches
  17 goblins
  4 hobgoblins
  2 jackals (D:2)
  3 quokkas
  A ball python (D:2)
  A ball python skeleton (D:4)
  5 frilled lizards
  12 kobolds
  6 rats
81 creatures vanquished.

Notes
Turn   | Place    | Note
-------+----------+-------------------------------------------
     0 | D:1      | troglodite the Demonspawn Berserker began the quest for the Orb.
     0 | D:1      | Reached XP level 1. HP: 18/18 MP: 1/1
   270 | D:1      | Gained mutation: You are surrounded by a mild repulsion field. (EV +2) [demonic ancestry]
   270 | D:1      | Reached XP level 2. HP: 24/24 MP: 2/2
   752 | D:2      | Reached XP level 3. HP: 29/29 MP: 3/3
   832 | D:2      | Noticed Sigmund
   841 | D:2      | Killed Sigmund
   841 | D:2      | Reached skill level 4 in Fighting
   841 | D:2      | Gained mutation: You have sharp toenails. [demonic ancestry]
   841 | D:2      | Reached XP level 4. HP: 12/37 MP: 4/4
   841 | D:2      | Gained mutation: You are surrounded by a moderate repulsion field. (EV +3) [demonic ancestry]
   841 | D:2      | Reached XP level 5. HP: 14/42 MP: 5/5
  1302 | D:2      | Reached ** piety under Trog
  1624 | D:2      | Found a glowing golden altar of the Shining One.
  2272 | D:3      | Gained mutation: You have razor-sharp toenails. [demonic ancestry]
  2272 | D:3      | Reached XP level 6. HP: 48/48 MP: 6/6
  2382 | D:3      | Noticed Frank's ghost (amateur OpFi)
  2568 | D:3      | Killed Frank's ghost
  3151 | D:3      | Found a bloodstained altar of Trog.
  3151 | D:3      | Found a glowing silver altar of Zin.
  3163 | D:3      | Found a snail-covered altar of Cheibriados.
  3166 | D:3      | Found an opulent altar of Gozag.
  3168 | D:3      | Found a shattered altar of Ashenzari.
  3353 | D:4      | Reached XP level 7. HP: 55/55 MP: 7/7
  3392 | D:4      | Reached skill level 5 in Fighting
  3432 | D:4      | Slain by an orc wizard

Skill      XL: |  1  2  3  4  5  6  7 |
---------------+----------------------+-----
Armour         | 2 3 |  3.4
Dodging        | 2 3 |  3.4
Long Blades    | 4 |  4.9
Fighting       | 4 5 |  5.0
Stealth        | |  0.6

Action                   |  1- 3 |  4- 6 |  7- 9 || total
-------------------------+-------+-------+-------++-------
Melee: Falchion          |    59 |   137 |    26 ||   222
       Kick              |       |    36 |     7 ||    43
Invok: Berserk           |     1 |     1 |       ||     2
       Burn Spellbooks   |       |     2 |       ||     2
  Use: Scroll            |       |     2 |       ||     2
 Stab: Sleeping          |     1 |     1 |       ||     2
  Eat: Chunk             |       |    10 |       ||    10
Armor: Animal skin       |    14 |    10 |       ||    24
       Scale mail        |       |    19 |    10 ||    29
Dodge: Dodged            |    49 |   130 |    13 ||   192
       Rpst.: Falchion   |    16 |    32 |     3 ||    51
